Map: Ephemeron LE

Players

Reynor - Winner!

  • Race: Zerg Zerg
  • Spawn Location: 11:00

JimRising

  • Race: Zerg Zerg
  • League: Master
  • Spawn Location: 5:00

Event: NationWars 2019

VOD

Have the link to the VOD?

Description

Time

  • Played on: Nov. 30, 2019, 12:39 p.m.
  • Length: 5:57
Show
View Real Time Build Order
Export as new Build Order

Reynor Zerg - Winner!

Build Orders: Hatch First 

Get SALT Encoding   

  12  0:00  Drone  
  13  0:12  Overlord  
  13  0:17  Drone  
  14  0:30  Drone x2  
  16  0:48  Hatchery  
  15  0:52  Drone  
  15  0:55  Drone  
  17  0:59  Drone  
  18  1:09  Extractor  
  17  1:15  Spawning Pool  
  17  1:17  Drone  
  17  1:21  Drone  
  18  1:28  Drone  
  19  1:38  Drone  
  20  1:49  Overlord  
  20  2:01  Queen x2  
  20  2:02  Zergling x4  
  26  2:11  Drone  
  26  2:12  Drone, Metabolic Boost  
  28  2:21  Drone  
  30  2:22  Drone  
  30  2:35  Hatchery  
  29  2:39  Drone  
  29  2:41  Drone  
  31  2:45  Drone  
  31  2:48  Overlord  
  32  2:53  Drone  
  32  2:58  Zergling x2  
  34  3:06  Zergling x4  
  34  3:09  Drone x2  
  34  3:10  Zergling x4  
  34  3:11  Zergling x4  
  42  3:16  Evolution Chamber  
  42  3:17  Drone  
  42  3:20  Overlord  
  42  3:26  Queen  
  44  3:36  Overlord  
  44  3:39  Drone x3  
  44  3:40  Drone  
  44  3:41  Drone  
  49  3:45  Zerg Missile Weapons Level 1  
  47  4:01  Drone x2  
  46  4:02  Roach Warren  
  46  4:06  Drone x2  
  46  4:07  Drone x2  
  46  4:08  Drone  
  49  4:10  Extractor  
  49  4:11  Extractor  
  49  4:16  Drone  
  49  4:17  Drone  
  49  4:18  Zergling x6  
  49  4:19  Zergling x4  
  54  4:27  Zergling x6  
  54  4:28  Overlord  
  57  4:42  Roach x3  
  57  4:43  Roach  
  65  4:48  Roach x4  
  65  4:52  Roach  
  73  4:55  Overlord  
  73  4:58  Zergling x2  
  74  5:01  Overlord  
  74  5:10  Overlord  
  75  5:14  Roach x3  
  75  5:17  Roach  
  75  5:18  Roach  
  78  5:23  Zergling x6  
  78  5:26  Roach  
  77  5:29  Zergling x2, Roach  
  77  5:34  Roach x2  
  80  5:37  Zergling x2  
Show
View Real Time Build Order
Export as new Build Order

JimRising Zerg 

Build Orders: Hatch First 

Get SALT Encoding   

  12  0:01  Drone  
  13  0:12  Overlord  
  13  0:17  Drone  
  14  0:30  Drone x2  
  14  0:35  Drone  
  17  0:51  Hatchery  
  17  0:54  Drone  
  17  0:58  Drone  
  18  1:08  Extractor  
  17  1:15  Spawning Pool  
  17  1:17  Drone  
  17  1:20  Drone  
  18  1:28  Drone  
  19  1:38  Drone  
  20  1:49  Drone  
  21  2:02  Drone, Queen  
  21  2:03  Queen  
  21  2:04  Overlord  
  26  2:13  Drone  
  26  2:15  Drone  
  28  2:18  Extractor  
  28  2:21  Drone  
  28  2:24  Drone  
  29  2:34  Drone  
  29  2:35  Evolution Chamber  
  29  2:36  Drone  
  30  2:43  Roach Warren  
  30  2:44  Drone  
  30  2:46  Queen  
  32  2:53  Drone  
  32  2:56  Queen  
  35  3:03  Zerg Missile Weapons Level 1  
  35  3:08  Drone  
  35  3:11  Overlord  
  36  3:17  Overlord  
  36  3:21  Overlord  
  36  3:28  Overlord  
  36  3:32  Roach  
  36  3:34  Roach  
  40  3:40  Roach  
  42  3:43  Roach  
  42  3:45  Roach  
  46  3:51  Roach  
  46  3:54  Roach  
  46  3:57  Roach  
  46  4:02  Roach  
  46  4:08  Roach  
  46  4:12  Roach  
  46  4:16  Roach  
  50  4:19  Roach  
  54  4:24  Roach  
  54  4:27  Roach  
  58  4:31  Roach  
  58  4:35  Roach  
  58  4:37  Roach  
  62  4:42  Overlord  
  62  4:50  Roach x2  
  64  4:56  Roach  
  66  5:01  Ravager  
  66  5:02  Ravager x3  
  66  5:06  Roach  
  70  5:10  Roach  
  72  5:15  Roach  
  70  5:27  Roach x2  
  69  5:35  Roach  
  66  5:37  Roach  
Tags
 
Add a new tag
Caveats
  • Supply blocks, unpowered buildings, or Contaminate may cause inaccurate times.
  • Supply counts are checked every 10 seconds.